 Dungeon Crawl Stone Soup version 0.29.1-debian-1-gc3f1650bb9 (webtiles) character file.

Game seed: 972420069635592067

1201 kae the Firebug (level 8, -5/45 HPs)
             Began as a Deep Elf Fire Elementalist on Sept 12, 2022.
             Asphyxiated
             ... on level 6 of the Dungeon.
             The game lasted 00:04:26 (6048 turns).

kae the Firebug (Deep Elf Fire Elementalist)        Turns: 6048, Time: 00:04:27

Health: -5/45      AC:  8    Str:  5    XL:     8   Next: 21%
Magic:  16/18      EV: 12    Int: 27    God:
Gold:   259        SH:  0    Dex: 19    Spells: 4/17 levels left

rFire   + . .      SeeInvis .   (no weapon)
rCold   x . .      Faith    .   (no shield)
rNeg    . . .      Spirit   .   l - +0 leather armour "Yfaos" {Int+4 Dex+4 Stlth-}
rPois   .          Reflect  .   (no helmet)
rElec   .          Harm     .   o - +0 cloak
rCorr   .          Rampage  .   (no gloves)
Will    .....                   (no boots)
Stlth   +.........              (no amulet)
HPRegen 0.15/turn               F - ring of fire
MPRegen 0.16/turn               O - +4 ring of protection

@: lethally poisoned (-5 -> -35), slowed, very slow
A: no striking features
a: no special abilities


You were on level 6 of the Dungeon.
You visited 1 branch of the dungeon, and saw 6 of its levels.

You collected 259 gold pieces.


   Skills:
 + Level 2.5 Fighting
 - Level 2.4 Dodging
 - Level 2.4 Stealth
 + Level 5.4 Spellcasting
 * Level 5.4 Conjurations
 + Level 3.2 Translocations
 * Level 6.5 Fire Magic
 + Level 3.1 Air Magic


You had 4 spell levels left.
You knew the following spells:

 Your Spells              Type           Power      Damage    Failure   Level
a - Foxfire               Conj/Fire      100%       2x1d9     1%          1
b - Scorch                Fire           100%       2d10      1%          2
c - Kindle Blastsparks    Fire/Tloc/Air  90%        2d17      6%          3
d - Inner Flame           Hex/Fire       37%        N/A       9%          3
e - Flame Wave            Conj/Fire      56%        2d13      10%         4

Your spell library contained the following spells:

 Spells                   Type           Power      Damage    Failure   Level
 Sticky Flame             Conj/Fire      56%        2d7       10%         4
 Dazzling Flash           Conj/Hex       42%        N/A       12%         3
 Ignite Poison            Fire/Tmut/Pois 28%        N/A       14%         3
 Summon Ice Beast         Ice/Summ       7%         N/A       75%         4
 Irradiate                Conj/Tmut      10%        3d15      71%         5
 Silence                  Hex/Air        7%         N/A       86%         5
 Agony                    Necr           7%         N/A       97%         5
 Polar Vortex             Ice            3%         N/A       100%        9

Inventory:

Missiles
 d - 44 stones
 e - 4 curare-tipped darts {=f}
 g - 4 poisoned darts
 r - 4 silver javelins
Armour
 a - a +1 robe
 c - a scarf of repulsion
   (You found it on level 1 of the Dungeon)
 l - the +0 leather armour "Yfaos" (worn) {Int+4 Dex+4 Stlth-}
   (You found it on level 3 of the Dungeon)

   Int:       It affects your intelligence (+4).
   Dex:       It affects your dexterity (+4).
   Stlth:     It makes you less stealthy.
 o - a +0 cloak (worn)
   (You found it on level 3 of the Dungeon)
Magical Staves
 i - a staff of poison {!a}
   (You found it on level 6 of the Dungeon)
 j - a staff of fire {!a}
   (You found it on level 1 of the Dungeon)
Jewellery
 D - a +6 ring of dexterity
   (You found it on level 2 of the Dungeon)
 F - a ring of fire (left hand)
   (You found it on level 5 of the Dungeon)
 O - a +4 ring of protection (right hand)
   (You found it on level 3 of the Dungeon)
Scrolls
 m - 5 scrolls of identify {@r1}
 n - a scroll of immolation {!r!r}
 q - 2 scrolls of teleportation {@r4}
 t - 2 scrolls of enchant armour
Potions
 b - a potion of magic
 f - a potion of might
 h - 3 potions of lignification {!q}
 k - a potion of ambrosia
 p - a potion of flight
 s - a potion of mutation {unknown}

Dungeon Overview and Level Annotations

Branches:
Dungeon (6/15) Zot: 26170
 Temple: D:4-7

Altars:
The Shining One

Annotations:
D:4 3 runed translucent doors, WLBjork's ghost, amateur HOMo
D:5 1 runed translucent door, Crazy Yiuf

#>......# #.......#
#..>....# #####.#.......#
......#.......##########
#######.................
........................
#######..........ยง......
#.......#####@.ยง....#
#.......# #ยง......#
#.......# #..K)...#
#.......# #.K.....#
######.## #.......# #.#
#.......# #.# #.......#
#########.######<......#
.................


You could see a kobold brigand and a kobold.


Message History

q - 2 scrolls of teleportation {@r4} (gained 1)
Something hits you!
Deactivating autopickup; reactivate with Ctrl-A.
Something hits you. ๐Ÿ˜ฎ HP[-14]
You take 14 damage, and now have 26/40 hp.
MASSIVE DAMAGE!! (PAUSE) Unknown command.
Casting: Scorch (safe; 1% risk of failure)
Confirm with . or Enter, or press ? or * to list all spells.
You feel a surge of power!
Flames lash something.
Something hits you. ๐Ÿ˜ฎ HP[-3] MP[-2]
You take 3 damage, and now have 23/40 hp.
You lost 2 mp, and now have 14/16 mp.
Casting: Scorch (safe; 1% risk of failure)
Confirm with . or Enter, or press ? or * to list all spells.
You feel a surge of power!
Flames lash something.
Something barely misses you. ๐Ÿ˜ฎ MP[-2]
You lost 2 mp, and now have 12/16 mp.
Casting: Scorch (safe; 1% risk of failure)
Confirm with . or Enter, or press ? or * to list all spells.
You feel a surge of power!
Flames lash something.
Something hits you.
* * * LOW HITPOINT WARNING * * *
๐Ÿ˜จ HP[-6] MP[-2]
You take 6 damage, and now have 17/40 hp.
You lost 2 mp, and now have 10/16 mp.
Casting: Scorch (safe; 1% risk of failure)
Confirm with . or Enter, or press ? or * to list all spells.
You feel a surge of power!
Flames lash something.
Something hits you!
* * * LOW HITPOINT WARNING * * *
๐Ÿ˜ฑ HP[-7] MP[-2]
You take 7 damage, and now have 10/40 hp.
You lost 2 mp, and now have 8/16 mp.
Casting: Scorch (safe; 1% risk of failure)
Confirm with . or Enter, or press ? or * to list all spells.
You feel a surge of power!
Flames lash something.
Reactivating autopickup.
You feel a bit more experienced.
Your Conjurations skill increases to level 5!
Your Translocations skill increases to level 3!
Your Air Magic skill increases to level 3!
You have reached level 8!
You feel clever. ๐Ÿ˜จ HP[+2] MP[-2]
You now have 45 max hp (+5).
You regained 2 hp, and now have 12/45 hp.
Key pressed, stopping explore.
You now have 259 gold pieces (gained 13).
A kobold comes into view. It is wielding a +0 short sword.
The kobold shouts!
A kobold brigand comes into view.
It is wielding a +0 short sword and quivering curare-tipped darts. ๐Ÿ˜Ž HP[+33] MP[+12]
Your hp is fully restored (45).
Your mp is fully restored (18).
There are monsters nearby!
There are monsters nearby!
There are monsters nearby!
There are monsters nearby!
Casting: Scorch (safe; 1% risk of failure)
Confirm with . or Enter, or press ? or * to list all spells.
You feel a surge of power!
You conjure some foxfire!
The kobold brigand shouts!
You hear a shout!
A kobold comes into view. It is wielding a +0 whip.
The kobold brigand throws a curare-tipped dart.
The curare-tipped dart hits you.
You are poisoned.
You have difficulty breathing.
You feel yourself slow down.
You feel sick.
The foxfire hits the kobold!
You kill the kobold!
The foxfire hits the kobold brigand.
The kobold throws a stone.
The stone closely misses you.
Casting: Foxfire (safe; 1% risk of failure)
Confirm with . or Enter, or press ? or * to list all spells.
You feel a surge of power!
You conjure some foxfire!
You feel sick.
The kobold brigand throws a curare-tipped dart.
The curare-tipped dart hits you.
You are more poisoned.
You have difficulty breathing.
You feel as though you will be slow longer.
The kobold throws a stone.
The stone closely misses you.
You feel very sick.
The foxfire hits the kobold brigand. x2
Casting: Foxfire (safe; 1% risk of failure)
Confirm with . or Enter, or press ? or * to list all spells.
You feel a surge of power!
You conjure some foxfire!
You feel very sick.
The kobold brigand throws a curare-tipped dart.
The curare-tipped dart hits you.
You are lethally poisoned!
You have difficulty breathing.
* * * LOW HITPOINT WARNING * * *
You feel as though you will be slow longer.
* * * LOW HITPOINT WARNING * * *
You feel extremely sick.
The foxfire hits the kobold brigand!
The foxfire hits the kobold brigand.
The kobold brigand throws a curare-tipped dart.
The curare-tipped dart hits you.
You are more poisoned.
You have difficulty breathing.
You die...

Skill      XL: |  1  2  3  4  5  6  7 |
---------------+----------------------+-----
Conjurations   | 2 3 4 5 |  5.4
Fire Magic     | 4 5 6 |  6.5
Fighting       | 1 2 |  2.5
Translocations | 1 2 3 |  3.2
Air Magic      | 1 2 3 |  3.1
Spellcasting   | 4 5 |  5.4
Dodging        | |  2.4
Stealth        | |  2.4

Action                   |  1- 3 |  4- 6 |  7- 9 || total
-------------------------+-------+-------+-------++-------
 Cast: Foxfire           |    68 |    62 |    22 ||   152
       Scorch            |     2 |    20 |    20 ||    42
       Kindle Blastspark |       |     3 |       ||     3
  Use: Scroll            |     4 |     6 |     2 ||    12
       Potion            |     3 |       |       ||     3
Armor: Robe              |     3 |       |       ||     3
       Leather armour    |       |     5 |    13 ||    18
Dodge: Dodged            |    16 |    21 |    24 ||    61

Levels and vault maps discovered:
D:1:      minmay_arrival_three_doors, layout_rooms
D:2:      layout_basic, serial_bayou, serial_bayou_pond_b, serial_bayou_shore_a,
          serial_bayou_pond_d, serial_bayou_crossing
D:3:      layout_loops_cross, lemuel_tele_altar,
          shapermc_ecumenical_altar_petra, kennysheep_generic_room_9,
          uniq_jessica
D:4:      layout_basic, ebering_ghost_rock_garden, palyth_stone_intersect,
          grunt_ministairs_4
D:5:      layout_basic, minmay_stone_trees_small, uniq_crazy_yiuf_cottage
D:6:      layout_basic

Notes
Turn   | Place    | Note
-------+----------+-------------------------------------------
     0 | D:1      | kae the Deep Elf Fire Elementalist began the quest for the
                  | Orb.
     0 | D:1      | Reached XP level 1. HP: 10/10 MP: 6/6
     0 | D:1      | magus.rc [v1.11.3]
    32 | D:1      | You pick up a book of the Senses and begin reading...
    32 | D:1      | You add the spells Dazzling Flash, Agony and Silence to
                  | your library.
   627 | D:1      | Reached XP level 2. HP: 15/15 MP: 5/8
  1199 | D:2      | Reached skill level 2 in Conjurations
  1199 | D:2      | Reached XP level 3. HP: 20/20 MP: 4/9
  1202 | D:2      | Learned a level 2 spell: Scorch
  1206 | D:2      | Learned a level 3 spell: Kindle Blastsparks
  1296 | D:2      | Reached skill level 4 in Fire Magic
  1296 | D:2      | HP: 5/20 [poisoned by an adder]
  1978 | D:2      | Learned a level 3 spell: Inner Flame
  2018 | D:3      | Noticed Jessica
  2021 | D:3      | Killed Jessica
  2022 | D:3      | Reached XP level 4. HP: 19/24 MP: 6/11
  2395 | D:3      | Found a faded altar of an unknown god.
  2541 | D:3      | Identified the +0 leather armour "Yfaos" {Int+4 Dex+4
                  | Stlth-}
  2594 | D:3      | Reached skill level 1 in Fighting
  2740 | D:3      | Found a glowing golden altar of the Shining One.
  2885 | D:3      | Noticed a black bear
  2908 | D:2      | Killed a black bear
  2909 | D:2      | Reached skill level 3 in Conjurations
  2909 | D:2      | Reached skill level 1 in Translocations
  2909 | D:2      | Reached skill level 1 in Air Magic
  2909 | D:2      | Reached XP level 5. HP: 19/29 MP: 2/12
  3027 | D:3      | Reached skill level 4 in Spellcasting
  3330 | D:4      | Found a runed translucent gate.
  3330 | D:4      | Found a runed translucent gate.
  3330 | D:4      | Found a runed translucent gate.
  3416 | D:4      | You add the spells Summon Ice Beast, Irradiate and Polar
                  | Vortex to your library.
  3416 | D:4      | Got the Monograph on Hoarfrost and the Impact
  3935 | D:4      | Reached XP level 6. HP: 25/34 MP: 7/14
  4076 | D:4      | Noticed WLBjork's ghost (amateur HOMo)
  4093 | D:5      | Entered Level 5 of the Dungeon
  4148 | D:5      | Reached skill level 5 in Fire Magic
  4260 | D:5      | You add the spells Ignite Poison and Sticky Flame to your
                  | library.
  4343 | D:5      | Reached skill level 2 in Translocations
  4503 | D:5      | Reached skill level 4 in Conjurations
  4503 | D:5      | Reached skill level 2 in Air Magic
  4531 | D:5      | Reached XP level 7. HP: 34/39 MP: 10/15
  4786 | D:5      | Reached skill level 2 in Fighting
  5062 | D:5      | Found a runed translucent door.
  5063 | D:5      | Noticed Crazy Yiuf
  5231 | D:6      | Learned a level 4 spell: Flame Wave
  5288 | D:6      | Reached skill level 5 in Spellcasting
  5288 | D:6      | Reached skill level 6 in Fire Magic
  5809 | D:6      | HP: 10/40 [something (7)]
  5810 | D:6      | Killed an unseen horror
  5811 | D:6      | Reached skill level 5 in Conjurations
  5811 | D:6      | Reached skill level 3 in Translocations
  5811 | D:6      | Reached skill level 3 in Air Magic
  5811 | D:6      | Reached XP level 8. HP: 12/45 MP: 6/18
  6047 | D:6      | HP: 8/45 [asphyx]
  6048 | D:6      | HP: 2/45 [poisoned by a kobold brigand (curare-tipped
                  | dart)]
  6048 | D:6      | Asphyxiated

Vanquished Creatures
  An unseen horror (D:6)
  An ice beast (D:6)
  2 black bears
  A phantom (D:5)
  A bullfrog (D:6)
  2 necrophages (D:5)
  A howler monkey (D:5)
  A hound (D:4)
  A jelly (D:5)
  Jessica (D:3)
  3 iguanas
  4 gnolls (D:5)
  4 adders
  An ufetubus (D:5)
  2 worms
  2 dart slugs
  4 orcs (D:3)
  14 ball pythons
  4 endoplasms
  3 giant cockroaches
  7 goblins
  5 hobgoblins
  3 quokkas
  3 bats (D:2)
  2 frilled lizards (D:2)
  4 kobolds
  4 rats
81 creatures vanquished.

Vanquished Creatures (collateral kills)
  An iguana (D:6)
1 creature vanquished.

Vanquished Creatures (others)
  249 foxfires
  2 plants (D:2)
251 creatures vanquished.

Grand Total: 333 creatures vanquished

Table legend:
 A = Non-vault XP
 B = Vault XP
 C = Vault XP percentage of total XP
 D = Non-vault monster count
 E = Vault monster count
 F = Vault count percentage of total count
                 A         B        C        D         E       F
            +---------+---------+-------+---------+---------+-------
      Total |    1625 |      91 |   5.3 |      76 |       6 |   7.3
            +---------+---------+-------+---------+---------+-------
        D:1 |      12 |       0 |   0.0 |       8 |       0 |   0.0
        D:2 |     182 |       8 |   4.2 |      22 |       3 |  12.0
        D:3 |      67 |      37 |  35.6 |      21 |       1 |   4.5
        D:4 |      41 |      46 |  52.9 |       5 |       2 |  28.6
        D:5 |     648 |       0 |   0.0 |      15 |       0 |   0.0
        D:6 |     675 |       0 |   0.0 |       5 |       0 |   0.0
            +---------+---------+-------+---------+---------+-------

Illustrated notes

Table legend:
 A = Kills in this place as a percentage of kills in entire the game.
 B = Kills by you in this place as a percentage of kills by you in the entire game.
 C = Kills by friends in this place as a percentage of kills by friends in the entire game.
 D = Other kills in this place as a percentage of other kills in the entire game.
 E = Experience gained in this place as a percentage of experience gained in the entire game.
 F = Experience gained in this place divided by the number of levels of this place that you have seen.
                   A       B       C       D       E      F
               +-------+-------+-------+-------+-------+----------------------
         Total | 100.0 | 100.0 | 100.0 |   N/A | 100.0 | 286.0
       Dungeon | 100.0 | 100.0 | 100.0 |   N/A | 100.0 | 286.0
               +-------+-------+-------+-------+-------+----------------------

Table legend: (Time is in decaauts)
 A = Elapsed time spent in this place.
 B = Non-inter-level travel time spent in this place.
 C = Inter-level travel time spent in this place.
 D = Time resting spent in this place.
 E = Time spent auto-exploring this place.
 F = Levels seen in this place.
 G = Mean time per level.
                   A        B        C        D        E       F      G
               +--------+--------+--------+--------+--------+-----+--------+
         Total |   6077 |   5972 |    105 |    297 |   4954 |   6 | 1012.8 |
       Dungeon |   6077 |   5972 |    105 |    297 |   4954 |   6 | 1012.8 |
               +--------+--------+--------+--------+--------+-----+--------+

Top non-repeatable levels by time:
     D:2: 1325 daAuts
     D:3: 1108 daAuts
     D:5: 1042 daAuts
     D:4: 993 daAuts
     D:6: 827 daAuts
     D:1: 780 daAuts
